 Dungeon Crawl Stone Soup version 0.30.0-19-g36f170ea60 (webtiles) character file.

Game seed: 3450442794208347712

2366 monsoonserge the Firebug (level 9, -10/67 HPs)
             Began as a Demigod Fire Elementalist on May 29, 2023.
             Mangled by Maggie
             ... wielding a +2 heavy scimitar
              (16 damage)
             ... on level 7 of the Dungeon.
             The game lasted 00:24:51 (6710 turns).

monsoonserge the Firebug (DgFE)                     Turns: 6710, Time: 00:24:54

Health: -10/67     AC:  7    Str: 15    XL:     9   Next: 1%
Magic:  4/16       EV: 13    Int: 32    God:
Gold:   350        SH:  0    Dex: 17    Spells: 2/14 levels left

rFire   . . .        r - +9 whip of Skirmishing {freeze, +Blink Int+3 Stlth-}
rCold   . . .        (no shield)
rNeg    + + .        D - +2 robe {rN+}
rPois   .            (no helmet)
rElec   .            (no cloak)
rCorr   .            d - +2 pair of gloves {Dex+3}
SInv    .            (no boots)
Will    .....        (no amulet)
Stlth   +            i - ring of positive energy
HPRegen 0.31/turn    a - +6 ring of strength
MPRegen 0.15/turn

%: no passive effects
@: no status effects
A: high MP 1, forlorn, divine attributes
a: Evoke Blink


You were on level 7 of the Dungeon.
You visited 2 branches of the dungeon, and saw 8 of its levels.

You collected 350 gold pieces.

Inventory:

Hand Weapons
 r - the +9 whip of Skirmishing (weapon) {freeze, +Blink Int+3 Stlth-}
   (You found it on level 3 of the Dungeon)

   Int:       It affects your intelligence (+3).
   +Blink:    It lets you blink.
   Stlth:     It makes you less stealthy.
Missiles
 c - 27 poisoned darts (quivered)
 f - 82 stones
 u - a curare-tipped dart
Armour
 d - a +2 pair of gloves of dexterity (worn)
 D - a +2 robe of positive energy (worn)
Jewellery
 a - a +6 ring of strength (right hand)
 i - a ring of positive energy (left hand)
 B - a ring of ice
Wands
 l - a wand of paralysis (5)
 v - a wand of flame (9)
 E - a wand of mindburst (10)
Scrolls
 g - 2 scrolls of teleportation {unknown}
 h - 2 scrolls of enchant weapon {unknown}
 n - 2 scrolls of fog {unknown}
 q - a scroll of magic mapping {unknown}
 t - a scroll of noise {unknown}
 w - a scroll of enchant armour {unknown}
 x - a scroll of torment {unknown}
 y - 8 scrolls of identify {unknown}
 C - 3 scrolls of poison {unknown}
Potions
 b - a potion of magic
 e - a potion of haste {unknown}
 j - a potion of lignification {unknown}
 k - 3 potions of brilliance {unknown}
 m - a potion of degeneration {unknown}
 o - a potion of flight {unknown}
 p - 2 potions of might {unknown}
 s - 4 potions of resistance {unknown}
 z - a potion of mutation {unknown}
 A - 5 potions of curing {unknown}


   Skills:
 + Level 2.1 Fighting
 * Level 4.7 Maces & Flails
 - Level 2.6 Armour
 + Level 2.6 Dodging
 + Level 2.7 Stealth
 + Level 0.1 Unarmed Combat
 + Level 3.0 Spellcasting
 * Level 3.4 Conjurations
 - Level 2.0 Summonings
 - Level 1.0 Translocations
 + Level 6.4 Fire Magic
 * Level 4.0 Evocations


You had 2 spell levels left.
You knew the following spells:

 Your Spells              Type           Power      Damage    Failure   Level
a - Foxfire               Conj/Fire      100%       2x1d9     1%          1
b - Scorch                Fire           92%        2d9       1%          2
c - Volatile Blastmotes   Fire/Tloc      56%        2d14      4%          3
d - Call Imp              Summ           34%        N/A       4%          2
e - Flame Wave            Conj/Fire      36%        2d10      9%          4

Your spell library contained the following spells:

 Spells                   Type           Power      Damage    Failure   Level
 Magic Dart               Conj           100%       1d8       1%          1
 Summon Small Mammal      Summ           68%        N/A       2%          1
 Kiss of Death            Conj/Necr      60%        2d10      3%          1
 Apportation              Tloc           22%        N/A       4%          1
 Necrotise                Necr           16%        1d4       6%          1
 Inner Flame              Hex/Fire       25%        N/A       4%          3
 Stone Arrow              Conj/Erth      30%        3d8       10%         3
 Mephitic Cloud           Conj/Pois/Air  12%        N/A       12%         3
 Confusing Touch          Hex            4%         N/A       19%         3
 Animate Armour           Summ/Erth      22%        N/A       38%         4
 Dispel Undead            Necr           4%         3d7       52%         4
 Lehudib's Crystal Spear  Conj/Erth      7%         10d3      100%        8


Dungeon Overview and Level Annotations

Branches:
Dungeon (7/15)             Temple (1/1) D:5

Shops:
D:5 (

Annotations:
D:3 1 runed translucent door, Hades's ghost, weakling DsGl; Sigmund
D:7 Maggie; Prince Ribbit


Innate Abilities, Weirdness & Mutations

You have an increased reservoir of magic. (+10% MP)
You shall have no god before yourself.
Your divine heritage dramatically boosts your attributes as you level up.


Message History

The foxfire hits Maggie but does no damage.
Maggie is severely wounded.
The foxfire hits Maggie but does no damage.
Maggie is severely wounded.
The sky beast misses you. Maggie hits you but does no damage.
Prince Ribbit hits you.
* * * LOW HITPOINT WARNING * * *
Unknown command.
Casting: Foxfire (safe; 1% risk of failure)
Confirm with . or Enter, or press ? or * to list all spells.
You conjure some foxfire!
You feel stable enough to blink again.
The foxfire hits Maggie!
Maggie is severely wounded.
The foxfire hits the sky beast.
The sky beast is moderately wounded.
The sky beast barely misses you.
Prince Ribbit blinks!
Maggie closely misses you.
Unknown command.
Casting: Foxfire (safe; 1% risk of failure)
Confirm with . or Enter, or press ? or * to list all spells.
You conjure some foxfire!
The foxfire hits Maggie but does no damage.
Maggie is severely wounded.
The foxfire hits the sky beast.
The sky beast is moderately wounded.
The sky beast misses you.
Casting: Foxfire (safe; 1% risk of failure)
Confirm with . or Enter, or press ? or * to list all spells.
You conjure some foxfire!
The foxfire hits Maggie but does no damage.
Maggie is severely wounded.
The foxfire hits Maggie.
Maggie is almost dead.
The sky beast hits you.
* * * LOW HITPOINT WARNING * * *
The sky beast shocks you.
* * * LOW HITPOINT WARNING * * *
Maggie hits you with a +2 heavy scimitar!
You die...

#.# #.# #.#
#.# #.# #.#
#.##### #.#
#.#...#
#.....##
##.....##
##[..@v..####
#....@.......
#..)vY.......
#..........##
##.......#.#
#..?.F.## #
#......#
#.......
#.......#


You could see Maggie (ally target), Prince Ribbit and a sky beast (ally target).

Vanquished Creatures
  Pikel (D:5)
  Menkaure (D:5)
  An acid dragon (D:5)
  2 ice beasts (D:5)
  A black bear (D:4)
  3 ogres (D:5)
  2 centaurs
  A lemure (D:5)
  A kobold brigand (D:6)
  2 bullfrogs (D:6)
  2 scorpions (D:5)
  A howler monkey (D:6)
  2 hounds (D:5)
  A gnoll bouda (D:6)
  2 orc priests (D:3)
  3 sleepcaps
  2 orc wizards
  4 iguanas
  4 gnolls (D:6)
  9 adders
  2 shadow imps (D:6)
  4 white imps
  4 dart slugs
  9 orcs
  4 bats
  6 endoplasms
  4 giant cockroaches
  3 goblins (D:4)
  13 hobgoblins
  5 jackals
  19 kobolds
  5 quokkas
  8 ball pythons
  A frilled lizard (D:2)
  4 rats
136 creatures vanquished.

Vanquished Creatures (collateral kills)
  A foxfire (D:7)
1 creature vanquished.

Vanquished Creatures (others)
  205 foxfires
205 creatures vanquished.

Grand Total: 342 creatures vanquished

Notes
Turn   | Place    | Note
-------+----------+-------------------------------------------
     0 | D:1      | monsoonserge the Demigod Fire Elementalist began the quest
                  | for the Orb.
     0 | D:1      | Reached XP level 1. HP: 14/14 MP: 5/5
   175 | D:1      | Reached skill level 3 in Fire Magic
   304 | D:1      | Reached XP level 2. HP: 20/20 MP: 5/7
   350 | D:1      | Learned a level 2 spell: Scorch
  1387 | D:2      | Reached skill level 1 in Conjurations
  1387 | D:2      | Reached XP level 3. HP: 26/26 MP: 0/8
  1790 | D:2      | Reached skill level 4 in Fire Magic
  2074 | D:3      | Identified the +9 whip of Skirmishing {freeze, +Blink Int+3
                  | Stlth-}
  2082 | D:3      | Learned a level 3 spell: Volatile Blastmotes
  2335 | D:3      | Reached XP level 4. HP: 30/34 MP: 6/9
  2344 | D:3      | Reached skill level 1 in Maces & Flails
  2487 | D:3      | Found a runed translucent door.
  2489 | D:3      | Noticed Hades's ghost (weakling DsGl)
  2490 | D:3      | Noticed a bullfrog
  2713 | D:3      | Noticed Sigmund
  2927 | D:4      | Reached XP level 5. HP: 38/39 MP: 6/10
  3281 | D:4      | Noticed Pikel
  3342 | D:5      | Entered Level 5 of the Dungeon
  3342 | D:5      | Noticed Menkaure
  3346 | D:5      | Killed Menkaure
  3347 | D:5      | Reached skill level 1 in Fighting
  3347 | D:5      | Reached skill level 1 in Armour
  3347 | D:5      | Reached skill level 1 in Evocations
  3347 | D:5      | Reached XP level 6. HP: 23/47 MP: 6/13
  3528 | D:5      | Learned a level 2 spell: Call Imp
  3551 | D:5      | Reached skill level 1 in Translocations
  3760 | D:5      | Killed Pikel
  3761 | D:5      | Reached skill level 1 in Summonings
  3761 | D:5      | Reached XP level 7. HP: 23/52 MP: 7/14
  3873 | D:5      | Reached skill level 5 in Fire Magic
  3931 | D:5      | Found a staircase to the Ecumenical Temple.
  4193 | D:4      | Reached XP level 8. HP: 30/59 MP: 7/15
  4298 | D:4      | Learned a level 4 spell: Flame Wave
  5152 | D:5      | Reached skill level 6 in Fire Magic
  5404 | D:5      | Found Owkussoi's Weapon Shoppe.
  5498 | Temple   | Entered the Ecumenical Temple
  6309 | D:6      | Reached XP level 9. HP: 67/67 MP: 3/16
  6694 | D:7      | Noticed Maggie
  6695 | D:7      | Noticed Prince Ribbit
  6710 | D:7      | Mangled by Maggie

Illustrated notes

Levels and vault maps discovered:
D:1:      matt_arrival_spirals, layout_basic,
          shapermc_ecumenical_altar_hornbeckon, minmay_crystal_room,
          kennysheep_nondescript, hangedman_decor_push, minivault_25,
          minmay_hexomino_f4
D:2:      layout_basic
D:3:      layout_loops_ring, mainiacjoe_overflow_24_doors, bloody_makhleb,
          ebering_ghost_sewer_f, kennysheep_generic_room_13, uniq_sigmund
D:4:      minmay_chambers_of_fours, layout_loops_ring,
          mainiacjoe_overflow_six_doors_small, mainiacjoe_overflow_catwalk,
          uniq_pikel
D:5:      layout_rooms, minmay_temple_entry_drinking_statues, serial_shops,
          shop, nzn_random_ring, uniq_menkaure
D:6:      layout_gridville, kennysheep_mini
D:7:      layout_loops_ring, uniq_maggie, uniq_prince_ribbit1
Temple:   nicolae_temple_no_exploring_needed

Skill      XL: |  1  2  3  4  5  6  7  8 |
---------------+-------------------------+-----
Fire Magic     | 3 4 5 6 |  6.4
Spellcasting   | 2 3 |  3.0
Stealth        | 2 |  2.7
Conjurations   | 1 2 3 |  3.4
Maces & Flails | 1 2 3 4 |  4.7
Fighting       | 1 2 |  2.1
Armour         | 1 2 |  2.6
Evocations     | 1 2 3 4 |  4.0
Translocations | 1 |  1.0
Dodging        | 2 |  2.6
Summonings     | 1 2 |  2.0
Unarmed Combat | |  0.1

Action                     |  1- 3 |  4- 6 |  7- 9 || total
---------------------------+-------+-------+-------++-------
  Melee: Unarmed           |     5 |       |       ||     5
         Whip              |    23 |    64 |    60 ||   147
         Punch             |       |     1 |     1 ||     2
   Cast: Foxfire           |    37 |    21 |    62 ||   120
         Scorch            |    22 |    26 |    47 ||    95
Ability: Evoke Blink       |       |     1 |     1 ||     2
   Stab: Sleeping          |     2 |       |       ||     2
 Armour: Robe              |     6 |       |    29 ||    35
         Leather armour    |     1 |    19 |       ||    20
  Dodge: Dodged            |    23 |    29 |    65 ||   117
